Construct Section Command Post
Selects Australian Defense Battlegroup
Selects Australian Light Infantry Section
Australian Light Infantry Section
Selects CMP 15cwt Supply Run
Construct Platoon Command Post
Construct Company Command Post
6-pounder Anti-tank Gun Team
Selects Artillery Trip Wire Flares
Selects Charged Creeping Barrage
Selects Defensive Tactics
Construct Field Infirmary
Unlock Bishop Self-propelled Artillery
Bishop Self-propelled Artillery
Bishop Self-propelled Artillery